 Dungeon Crawl Stone Soup version 0.28-a0-998-gb9e9c7b67e (webtiles) character file.

Game seed: 3773248315048631475

125 wotkd0121004 the Sneak (level 5, 0/31 HPs)
             Began as an Octopode Earth Elementalist on Dec 5, 2021.
             Slain by a gnoll (6 damage)
             ... on level 2 of the Dungeon.
             The game lasted 00:03:18 (2164 turns).

wotkd0121004 the Sneak (OpEE)                       Turns: 2164, Time: 00:03:18

Health: 0/31       AC:  1    Str:  7    XL:     5   Next: 9%
Magic:  3/8        EV:  7    Int: 19    God:
Gold:   105        SH:  0    Dex: 13    Spells: 8/9 levels left

rFire   . . .      SeeInvis .   c - +0 short sword
rCold   . . .      Faith    .   (no shield)
rNeg    . . .      Spirit   .   (helmet restricted)
rPois   .          Reflect  .   (no amulet)
rElec   .          Harm     .   i - ring of wizardry
rCorr   .          Rampage  .   (no ring)
Will    .....                   (no ring)
Stlth   ++........              (no ring)
HPRegen 0.10/turn               (no ring)
MPRegen 0.11/turn               (no ring)
                                (no ring)
                                (no ring)

@: confused, ambrosia-drunk, held
A: almost no armour, amphibious, 8 rings, camouflage 1, gelatinous body 1,
(nimble swimmer 1), tentacles
a: no special abilities


You were on level 2 of the Dungeon.
You visited 1 branch of the dungeon, and saw 3 of its levels.

You collected 105 gold pieces.

Inventory:

Hand Weapons
 c - a +0 short sword (weapon)
Missiles
 b - 64 stones
Jewellery
 i - a ring of wizardry (left tentacle)
Scrolls
 a - a scroll of identify {unknown}
 e - a scroll of magic mapping {unknown}
 f - a scroll of enchant armour {unknown}
 h - a scroll of blinking {unknown}
Potions
 g - a potion of curing {unknown}


   Skills:
 + Level 2.5 Dodging
 * Level 4.6 Stealth
 + Level 2.5 Spellcasting
 + Level 1.7 Transmutations
 * Level 3.9 Earth Magic


You had 8 spell levels left.
You knew the following spells:

 Your Spells              Type           Power      Damage    Failure   Level
a - Sandblast             Erth           34%        2d9       1%          1

Your spell library contained the following spells:

 Spells                   Type           Power      Damage    Failure   Level
 Passwall                 Tmut/Erth      10%        N/A       3%          2
 Apportation              Tloc           4%         N/A       6%          1
 Stone Arrow              Conj/Erth      18%        3d8       9%          3
 Petrify                  Tmut/Erth      13%        N/A       21%         4
 Alistair's Intoxication  Tmut/Pois      3%         N/A       75%         5


Dungeon Overview and Level Annotations

Branches:
Dungeon (3/15)

Altars:


Innate Abilities, Weirdness & Mutations

You cannot wear most types of armour.
You are amphibious.
You can wear up to eight rings at the same time.
Your skin changes colour to match your surroundings (Stealth+).
Your rubbery body absorbs attacks. (AC +1, EV +1)
((You are camouflaged near water. (Stealth+)))
You have tentacles for arms and can constrict up to eight enemies at once.


Message History

The blast of sand hits the gnoll!
You kill the gnoll!
The gnoll hits you with a +0 flail.
You have reached level 5!
You feel agile.
Unknown command.
Unknown command.
Casting: Sandblast (safe; 1% risk of failure)
Confirm with . or Enter, or press ? or * to list all spells.
Aiming: Sandblast (safe; 1% risk of failure)
Press: ? - help, Shift-Dir - straight line, f - gnoll
Aim: a gnoll, wielding a +0 flail (82% to hit)
The blast of sand hits the gnoll!
The gnoll is severely wounded.
Unknown command.
Casting: Sandblast (safe; 1% risk of failure)
Confirm with . or Enter, or press ? or * to list all spells.
Aiming: Sandblast (safe; 1% risk of failure)
Press: ? - help, Shift-Dir - straight line, f/p - gnoll
Aim: a gnoll, wielding a +0 flail (severely wounded, 82% to hit)
The blast of sand hits the gnoll!
You kill the gnoll!
The endoplasm jiggles.
Unknown command.
Casting: Sandblast (safe; 1% risk of failure)
Confirm with . or Enter, or press ? or * to list all spells.
Aiming: Sandblast (safe; 1% risk of failure)
Press: ? - help, Shift-Dir - straight line, f - gnoll
Aim: a gnoll, wielding a +0 club and quivering a throwing net (82% to hit)
The blast of sand hits the gnoll.
The gnoll is moderately wounded.
The gnoll hits you with a +0 club.
* * * LOW HITPOINT WARNING * * *
The endoplasm freezes you.
You are frozen.
* * * LOW HITPOINT WARNING * * *
It was a potion of ambrosia.
You are confused.
You feel invigorated. The gnoll hits you with a +0 club.
You die...

#.#########.##########.
#.#..........).........
##...#######.###########
#...## #.# #.>## #.#
#..# #.# #.†# ####.##
#.## ##......# #.#
#@g.....(# #.#
#))J.......# ###
#..........#
#..........#
#..........#
#........... ##........#
##.)......##
#!.....g?g.#


You could see a gnoll and an endoplasm.

Vanquished Creatures
  An orc priest (D:3)
  2 adders (D:3)
  3 gnolls (D:2)
  A worm (D:2)
  3 dart slugs (D:1)
  An orc (D:3)
  An endoplasm (D:1)
  2 giant cockroaches (D:1)
  3 goblins
  5 hobgoblins
  3 kobolds
  2 quokkas
  4 ball pythons
  2 bats
  5 frilled lizards
  5 rats (D:1)
43 creatures vanquished.

Notes
Turn   | Place    | Note
-------+----------+-------------------------------------------
     0 | D:1      | wotkd0121004 the Octopode Earth Elementalist began the
                  | quest for the Orb.
     0 | D:1      | Reached XP level 1. HP: 11/11 MP: 3/3
   272 | D:1      | Reached skill level 3 in Stealth
   272 | D:1      | Reached XP level 2. HP: 12/17 MP: 1/5
  1148 | D:1      | Reached XP level 3. HP: 20/21 MP: 6/6
  1875 | D:2      | You fall into a shaft and drop 1 floor!
  1936 | D:3      | Reached skill level 4 in Stealth
  2076 | D:3      | Reached XP level 4. HP: 27/27 MP: 7/7
  2161 | D:2      | Reached XP level 5. HP: 11/31 MP: 3/8
  2164 | D:2      | Slain by a gnoll

Illustrated notes

Levels and vault maps discovered:
D:1:      dpeg_arrival_lava_altar, layout_basic, serial_co_window_serial,
          co_window_corner_a, co_window_paths_b, co_window_corner_a,
          co_window_paths_b, co_window_corner_a, co_window_paths_b,
          co_window_paths_b, co_window_unsneaky_path_b, co_window_2corner,
          co_window_corner_ca, co_window_corner_cb, co_window_paths_c,
          co_window_paths_c, co_window_paths_d, glass_columns_a,
          glass_columns_b, glass_columns_c
D:2:      layout_rooms, basic_altar, minmay_pentomino_t2
D:3:      layout_rooms, nicolae_ecumenical_snake_handling, minmay_checkerbox

Skill      XL: |  1  2  3 |
---------------+----------+-----
Stealth        | 3 4 |  4.6
Dodging        | |  2.5
Spellcasting   | |  2.5
Transmutations | |  1.7
Earth Magic    | |  3.9

Action                   |  1- 3 |  4- 6 || total
-------------------------+-------+-------++-------
Melee: Unarmed           |    18 |       ||    18
       Tentacles         |    10 |       ||    10
       Constrict         |    14 |       ||    14
       Short sword       |    43 |       ||    43
 Cast: Sandblast         |    18 |    13 ||    31
  Use: Potion            |       |     1 ||     1
 Stab: Sleeping          |    14 |       ||    14
Armor: Skin              |     7 |       ||     7
Dodge: Dodged            |    37 |     4 ||    41

Table legend: (Time is in decaauts)
 A = Elapsed time spent in this place.
 B = Non-inter-level travel time spent in this place.
 C = Inter-level travel time spent in this place.
 D = Time resting spent in this place.
 E = Time spent auto-exploring this place.
 F = Levels seen in this place.
 G = Mean time per level.
                   A        B        C        D        E       F      G
               +--------+--------+--------+--------+--------+-----+--------+
         Total |   2168 |   2168 |      0 |     40 |   1706 |   3 |  722.7 |
       Dungeon |   2168 |   2168 |      0 |     40 |   1706 |   3 |  722.7 |
               +--------+--------+--------+--------+--------+-----+--------+

Top non-repeatable levels by time:
     D:1: 1521 daAuts
     D:2: 365 daAuts
     D:3: 281 daAuts
